 Dungeon Crawl Stone Soup version 0.26.0-45-g9c1d065592 (webtiles) character file.

Game seed: 7678413829808314841

758 swilekon the Cleaver (level 7, -1/63 HPs)
             Began as a Hill Orc Monk on Jan 30, 2021.
             Was a Priest of Beogh.
             Slain by a gnoll
             ... wielding a +0 spear
              (12 damage)
             ... on level 3 of the Dungeon.
             The game lasted 00:11:52 (5914 turns).

swilekon the Cleaver (Hill Orc Monk)                Turns: 5914, Time: 00:11:53

Health: -1/63      AC:  7    Str: 16    XL:     7   Next: 80%
Magic:  7/7        EV: 13    Int: 10    God:    Beogh [***...]
Gold:   168        SH:  0    Dex: 13    Spells: 6/6 levels left

rFire    . . .     SeeInvis +   q - +1 hand axe (vorpal)
rCold    . . .     Faith    .   (no shield)
rNeg     . . .     Spirit   .   b - +0 robe
rPois    .         Reflect  .   a - +0 helmet
rElec    .         Harm     .   (no cloak)
rCorr    .         Rampage  .   (no gloves)
Will     .....                  k - +1 pair of boots
Stlth    ++........             (no amulet)
HPRegen  0.20/turn              o - ring of see invisible
MPRegen  0.10/turn              (no ring)

@: no status effects
A: yellow scales 1, screaming 1
a: Renounce Religion, Smiting


You were on level 3 of the Dungeon.
You worshipped Beogh.
Beogh was most pleased with you.
You visited 1 branch of the dungeon, and saw 3 of its levels.

You collected 168 gold pieces.

Inventory:

Hand Weapons
 q - a +1 vorpal hand axe (weapon)
Armour
 a - a +0 helmet (worn)
 b - a +0 robe (worn)
 k - a +1 pair of boots (worn)
Jewellery
 o - a ring of see invisible (left hand)
Scrolls
 c - 2 scrolls of teleportation {unknown}
 d - 2 scrolls of enchant weapon {unknown}
 g - a scroll of random uselessness {unknown}
 h - a scroll of magic mapping {unknown}
 l - a scroll of blinking {unknown}
 m - a scroll of enchant armour {unknown}
 n - a scroll of fog {unknown}
 p - a scroll of identify {unknown}
 r - a scroll of remove curse {unknown}
 s - a scroll of noise {unknown}
Potions
 f - 3 potions of heal wounds {unknown}
 i - a potion of resistance {unknown}
 j - 3 potions of curing {unknown}


   Skills:
 + Level 6.1 Fighting
 * Level 8.8 Axes
 + Level 4.3 Armour
 - Level 2.4 Dodging
 - Level 1.5 Stealth


You had 6 spell levels left.
You didn't know any spells.
Your spell library was empty.

Dungeon Overview and Level Annotations

Branches:
Dungeon (3/15)

Altars:
Gozag
Kikubaaqudgha
Nemelex Xobeh
Trog
Zin


Innate Abilities, Weirdness & Mutations

You are partially covered in yellow scales. (AC +2)
You occasionally shout uncontrollably at your foes.


Message History

The gnoll is severely wounded.
The gnoll hits you from afar with a +0 spear!
You hit the gnoll.
The gnoll is almost dead.
The gnoll misses you.
The gnoll hits you from afar with a +0 spear.
* * * LOW HITPOINT WARNING * * *
It was a potion of cancellation.
You feel magically purged. The gnoll barely misses you. x2
You hit the gnoll.
You kill the gnoll!
Beogh accepts your kill. The gnoll hits you with a +0 spear.
* * * LOW HITPOINT WARNING * * *
You barely miss the gnoll. The gnoll hits you with a +0 spear.
* * * LOW HITPOINT WARNING * * *
You hit the gnoll.
The gnoll is lightly wounded.
The gnoll hits you with a +0 spear!
You die...

............)...........#.g.#≈≈..
########''''#############...#≈≈..
... #.)..# .... #'###≈≈P.
.....#...)#..... # ..#.≈≈≈..
.....'....'.....^.# #.≈≈≈..
########'########'# #.≈≈≈..
...#....#.......# #.≈≈≈..
.....≈≈....)....# #.≈≈≈..
......≈≈.....@g..# #.≈≈≈..
....#...)#........... #.≈≈≈..
#####....########.... #.≈≈≈..
#...##...# ...#+###≈≈..
#########################.[.#≈≈..
........................#.g.#≈≈..
≈≈≈≈≈≈≈≈≈≈≈≈≈≈≈≈≈≈≈≈≈≈≈≈#####≈≈..
≈≈≈≈≈≈≈≈≈≈≈≈≈≈≈≈≈≈≈≈≈≈≈≈≈≈≈≈≈≈≈..
≈≈≈≈≈≈≈≈≈≈≈≈≈≈≈≈≈≈≈≈†≈≈≈≈≈≈≈≈≈≈..


You could see a gnoll.

Vanquished Creatures
  An ogre (D:2)
  A vampire bat (D:3)
  2 gnoll shamans
  Natasha (thrice) (D:2)
  Robin (D:2)
  32 gnolls
  4 adders
  An ooze (D:2)
  A worm (D:3)
  2 dart slugs
  11 orcs (D:3)
  3 bat skeletons (D:3)
  A bat zombie (D:3)
  2 giant cockroaches
  14 goblins
  10 hobgoblins
  27 jackals
  A quokka (D:2)
  4 bats
  4 frilled lizards
  12 kobolds
  2 rats
139 creatures vanquished.

Vanquished Creatures (others)
  A gnoll (D:3)
  5 orcs (D:3)
  A jackal (D:3)
  A kobold (D:3)
  A frilled lizard (D:3)
  2 plants (D:3)
11 creatures vanquished.

Grand Total: 150 creatures vanquished

Notes
Turn   | Place    | Note
-------+----------+-------------------------------------------
     0 | D:1      | swilekon the Hill Orc Monk began the quest for the Orb.
     0 | D:1      | Reached XP level 1. HP: 19/19 MP: 1/1
   389 | D:1      | Reached XP level 2. HP: 19/27 MP: 2/2
   842 | D:1      | Reached skill level 1 in Armour
  1103 | D:2      | Reached XP level 3. HP: 33/33 MP: 3/3
  1117 | D:2      | Found a bloodstained altar of Trog.
  1339 | D:2      | Reached skill level 5 in Axes
  1461 | D:2      | Noticed Robin
  1470 | D:2      | Killed Robin
  1471 | D:2      | Reached XP level 4. HP: 26/40 MP: 4/4
  1776 | D:2      | Found a sparkling altar of Nemelex Xobeh.
  2134 | D:2      | Noticed Natasha
  2141 | D:2      | Killed Natasha
  2142 | D:2      | Reached XP level 5. HP: 39/47 MP: 5/5
  2292 | D:3      | Became a worshipper of Beogh the Brigand
  2292 | D:3      | Reached * piety under Beogh
  2292 | D:3      | Reached ** piety under Beogh
  2296 | D:3      | Reached skill level 6 in Axes
  2667 | D:3      | Found a bloodstained altar of Trog.
  2993 | D:3      | Found an ancient bone altar of Kikubaaqudgha.
  3006 | D:3      | Reached skill level 5 in Fighting
  3006 | D:3      | Reached XP level 6. HP: 53/56 MP: 6/6
  3171 | D:3      | Reached skill level 7 in Axes
  3379 | D:3      | Found an opulent altar of Gozag.
  3491 | D:3      | Reached *** piety under Beogh
  3839 | D:2      | Noticed Natasha
  3845 | D:2      | Killed Natasha
  3875 | D:2      | Noticed Natasha
  3891 | D:2      | Killed Natasha
  4151 | D:2      | Gained mutation: You occasionally shout uncontrollably at
                  | your foes. [potion of mutation]
  4151 | D:2      | Gained mutation: You are partially covered in yellow
                  | scales. (AC +2) [potion of mutation]
  4154 | D:2      | Reached XP level 7. HP: 13/61 MP: 3/7
  4697 | D:2      | Reached skill level 8 in Axes
  5258 | D:3      | Found a faded altar of an unknown god.
  5290 | D:3      | Found a glowing silver altar of Zin.
  5914 | D:3      | Slain by a gnoll

Illustrated notes

Levels and vault maps discovered:
D:1:      dpeg_arrival_stonehenge_12_columns, layout_basic, st_stairs_6,
          wander_ebering_terrifying_dragon_lair
D:2:      layout_basic, nemelex_altar_shiori, serial_glass, glass_columns_b,
          glass_columns_b, serial_bayou_pond_c, st_stairs_2, bloody_trog,
          uniq_natasha, uniq_robin
D:3:      lemuel_castle_with_subvaults [lemuel_castle_interior_carwin_3],
          layout_basic, zin_statuary, kennysheep_vampire_church,
          lemuel_doored_altar, nicolae_gozag_seed_capital,
          chequers_ecumenical_altar_twisty

Skill      XL: |  1  2  3  4  5  6  7 |
---------------+----------------------+-----
Armour         | 1 2 3 4 |  4.3
Fighting       | 4 5 6 |  6.1
Axes           | 5 6 7 8 |  8.8
Dodging        | |  2.4
Stealth        | |  1.5

Action                   |  1- 3 |  4- 6 |  7- 9 || total
-------------------------+-------+-------+-------++-------
Melee: Hand axe          |   103 |   200 |   166 ||   469
       War axe           |       |    10 |       ||    10
Invok: Convert to Beogh  |       |     1 |       ||     1
       Smiting           |       |     1 |       ||     1
  Use: Potion            |       |     2 |     1 ||     3
 Stab: Sleeping          |     2 |     2 |       ||     4
Armor: Robe              |    17 |    58 |    26 ||   101
Dodge: Dodged            |    71 |   181 |   109 ||   361
